[Event "34th Pula Open 2022"]
[Site "Pula"]
[Date "2022.06.24"]
[Round "8.3"]
[White "Stankovic, Boris"]
[Black "Lindgren, Philip"]
[Result "1/2-1/2"]
[ECO "B13"]
[WhiteElo "2287"]
[BlackElo "2369"]
[Annotator "TA"]
[PlyCount "84"]
[EventDate "2022.06.18"]
[EventType "swiss"]
[EventCountry "CRO"]
[SourceTitle "playchess.com"]
[Source "ChessBase"]
[SourceQuality "1"]
[TimeControl "5400+30"]

1. e4 c6 2. d4 d5 3. exd5 cxd5 4. Bf4 Nc6 5. c3 Nf6 6. Nd2 {[%emt 0:00:20] B13: Caro-Kann: Exchange Variation and Panov-Botvinnik Attack.} Bf5 7. Qb3 Qc8 8. Ngf3 e6 9. Nh4 Be4 10. f3 Bg6 11. Nxg6 hxg6 12. g4 {[%emt 0:01:21] Prevents Nh5.} Be7 13. h4 Nd7 14. Bg3 {[%emt 0:02:31] [#]} g5 $146 ({Predecessor:} 14... a6 15. Bd3 b5 16. Kf1 Qd8 17. Re1 Qb6 18. Kg2 b4 19. Qa4 bxc3 20. bxc3 Qb2 21. Qxc6 O-O 22. Re2 Nf6 23. Nb1 Qa1 24. Qb7 {1-0 (24) Rosen,E (2372)-Lehaci,M (1965) Cap Aurora 2017}) 15. h5 Bd8 16. Bb5 Bc7 17. Nf1 a6 18. Bxc6 bxc6 19. Qc2 c5 20. Qd2 cxd4 21. cxd4 Bxg3+ 22. Nxg3 Qd8 23. Kf2 Qf6 (23... O-O $142) 24. Rac1 $11 O-O 25. Rc6 Rfc8 26. Rhc1 Rxc6 (26... Rcb8 {feels hotter.} 27. Nf5 a5 28. Nd6 Rb4) 27. Rxc6 Qd8 28. Qc3 a5 29. Rc7 (29. a4 $1 $14) 29... Nb6 {[%emt 0:03:14] The position is equal.} 30. Qc6 Rc8 31. Rxc8 Nxc8 {[%emt 0:00:03][%mdl 4096] Endgame KQN-KQN} 32. Ne2 Ne7 33. Qc5 g6 34. Qc1 f6 35. Qh1 Kg7 (35... gxh5 {is interesting.} 36. Qxh5 Kg7 37. b3 Ng6) 36. hxg6 Nxg6 37. Qc1 Qb6 38. Qc5 Qxb2 39. Qc7+ Kh6 {[%emt 0:02:31] [#] Threatens to win with ...Nf4.} 40. Qh2+ Kg7 {[%emt 0:01:06] Hoping for ...Nf4.} 41. Qc7+ Kh6 {[%emt 0:00:14] ...Nf4 is the strong threat.} 42. Qh2+ Kg7 {[%emt 0:00:21] Weighted Error Value: White=0.06 (flawless) /Black=0.08 (flawless)} 1/2-1/2

[Event "34th Pula Open 2022"]
[Site "Pula"]
[Date "2022.06.24"]
[Round "8.4"]
[White "Pastar, Slaven"]
[Black "Hadzovic, Amir"]
[Result "1-0"]
[ECO "A41"]
[WhiteElo "2300"]
[BlackElo "2270"]
[Annotator "TA"]
[PlyCount "109"]
[EventDate "2022.06.18"]
[EventType "swiss"]
[EventCountry "CRO"]
[SourceTitle "playchess.com"]
[Source "ChessBase"]
[SourceQuality "1"]
[TimeControl "5400+30"]

1. Nf3 Nc6 2. d4 d6 3. d5 Ne5 4. Nxe5 dxe5 5. e4 Nf6 6. Bb5+ Bd7 7. Qe2 {[%emt 0:00:45] A41: 1 d4 d6: Tartakower System and Modern Defence.} a6 8. Bc4 b5 9. Bb3 {[%emt 0:00:25] White is slightly better.} c5 10. c4 $1 {[%emt 0:04:18] [#]} e6 $146 ({Predecessor:} 10... b4 11. O-O e6 12. Nd2 Bd6 13. f4 Qc7 14. Nf3 O-O 15. fxe5 Bxe5 16. Bg5 exd5 17. exd5 {½-½ (23) Tuchenhagen,A (2076)-Gnegel,B (1989) Bayern 2013}) 11. O-O exd5 12. exd5 Bd6 13. f4 (13. Bg5 $14) 13... Bg4 (13... O-O $1 $15) 14. Qf2 {[%emt 0:10:40] Hoping for fxe5.} O-O $36 {[%emt 0:05:03][%mdl 2048] White is under pressure.} 15. f5 e4 $1 16. Nc3 Re8 $1 {[%emt 0:05:40] And now ...Qb8 would win.} 17. Be3 Re5 18. Qh4 (18. Bf4 $11) 18... b4 $17 (18... Rxf5 19. Bg5 $11) 19. Na4 Rxf5 (19... Qe7 $17) 20. Rxf5 $11 ({Wrong is} 20. Bxc5 $2 Rh5 21. Bf2 e3 $19) 20... Bxf5 21. Rf1 $1 Bd7 22. Nxc5 {[%emt 0:02:21] Black must now prevent Nb7.} Qb6 {[%emt 0:03:46][%mdl 8192] Inhibits Nb7. This move loses the game for Black.} ({Black should play} 22... Ng4 $14 23. Qxd8+ Rxd8) 23. Rxf6 $18 ({Less strong is} 23. Qf2 Bxh2+ 24. Kh1 Qd6 $18) 23... gxf6 24. Qf2 Qd8 (24... Bxc5 $2 25. Bxc5 Qd8 26. Bd4) 25. Nxe4 Be5 26. c5 f5 27. Ng5 Qf6 {[%emt 0:00:12] Strongly threatening ...f4.} 28. Nf3 $1 Bxb2 29. c6 Be8 30. g3 Bc3 (30... a5 {was necessary.} 31. Qc2 Be5) 31. Nd4 Rc8 (31... f4 $142 32. Qxf4 (32. gxf4 Rd8 $16) 32... Qxf4 33. gxf4 Bxd4 34. Bxd4 Rc8) 32. Nxf5 Bxc6 33. dxc6 Rxc6 34. Qf3 Kf8 35. Bh6+ Ke8 {[%emt 0:00:27] [#]} 36. Ba4 (36. Bg5 $142 $1 Qg6 37. Qd5 Qxg5 38. Qxc6+ Kd8 39. Qa8+ Kd7 40. Qb7+ Kd8 41. Qb8+ Kd7 42. Ba4+ Ke6 43. Qd6+ Kxf5 44. Bc2+ Kg4 45. Qd1+ Kh3 46. Qf1+ Kg4 47. Bd1#) 36... Kd7 37. Bg7 {[%emt 0:00:44] This bishop pair is nice.} (37. Qd5+ $142 Kc7 {[#]} 38. Bg5 $1 ) 37... Qe6 38. Bxc3 bxc3 39. Qxc3 {[%emt 0:00:52] Nd4 is the strong threat.} Qxf5 (39... Kc7 $142 40. Bxc6 Qxc6 41. Qe5+ Kb6) 40. Qxc6+ Ke7 41. Bc2 Qa5 42. Qe4+ Kf8 43. Bb3 Qc5+ 44. Kg2 a5 45. Qd5 (45. a4 $142 h6 46. Qf3 Qc7 47. Qa8+ Kg7 48. Qd5 Kg6 49. Bc4 Kg7 50. Kh3) 45... Qc7 46. a4 {[%emt 0:00:34] White mates.} Kg7 {[%emt 0:00:08] [#]} 47. Qxf7+ $1 Qxf7 48. Bxf7 Kxf7 {[%emt 0:00:07] K3P-KPP} 49. Kf3 Kf6 50. Kf4 h6 51. g4 Kg6 52. h4 Kf6 53. Ke4 Ke6 54. Kd4 Kf6 55. Kd5 {[%emt 0:00:12] Weighted Error Value: White=0.32/Black=0.88} 1-0

[Event "34th Pula Open 2022"]
[Site "Pula"]
[Date "2022.06.24"]
[Round "8.5"]
[White "De Vleeschauwer, Maarten"]
[Black "Lim, Zhuo Ren"]
[Result "0-1"]
[ECO "B31"]
[WhiteElo "2255"]
[BlackElo "2290"]
[Annotator "TA"]
[PlyCount "141"]
[EventDate "2022.06.18"]
[EventType "swiss"]
[EventCountry "CRO"]
[SourceTitle "playchess.com"]
[Source "ChessBase"]
[SourceQuality "1"]
[TimeControl "5400+30"]

1. e4 c5 2. Nc3 Nc6 3. Bb5 Nd4 4. Nf3 g6 5. O-O Bg7 6. Re1 a6 {[%emt 0:00:42] B31: Sicilian: 2...Nc6 3 Bb5 g6.} 7. Bf1 d6 8. h3 Nf6 {[%emt 0:00:49] The position is equal.} 9. d3 {[%emt 0:10:51] [#]} O-O $146 ({Predecessor:} 9... Nxf3+ 10. Qxf3 O-O 11. Bg5 h6 12. Bd2 e5 13. a4 b6 14. Rab1 Be6 15. b4 Rc8 16. bxc5 Rxc5 {0-1 (32) Woolley,J (2099)-Sherwin,J (2246) Halifax 2010}) 10. Be3 e5 11. Bg5 h6 12. Bxf6 Bxf6 13. Nd5 Be6 14. c4 Nxf3+ 15. Qxf3 Bxd5 16. cxd5 h5 17. g3 h4 18. Be2 Kg7 19. Rab1 b5 20. a3 Bg5 21. b4 cxb4 22. axb4 Rc8 23. d4 (23. Kg2 $15) 23... hxg3 $17 24. Qxg3 (24. fxg3 $17 exd4 25. Bd3) 24... Bf4 25. Qg2 (25. Qf3 $142) 25... exd4 $19 26. Red1 Be5 27. Rf1 d3 28. Bxd3 Rc3 29. Rbd1 Qf6 30. f4 Bxf4 31. Rf3 Qd4+ 32. Kh1 (32. Qf2 {was the only chance.} Qxf2+ 33. Kxf2) 32... Be5 33. Qf2 (33. Qg4 $142) 33... Qxf2 (33... Qxb4 $2 34. Rf1 f6 35. Qg2 $19) 34. Rxf2 Rfc8 35. Ra2 Rc1 (35... Rb3 $142 36. Rxa6 Rxb4) 36. Rxc1 Rxc1+ {[%emt 0:00:02][%mdl 4096] Endgame KRB-KRB} 37. Kg2 Ra1 ({Don't go for} 37... Rc3 $2 38. Bf1 $19) 38. Rxa1 Bxa1 {[%emt 0:00:55] KB-KB} 39. Be2 f5 {[%emt 0:02:52] Prevents Bg4.} 40. h4 $2 (40. exf5 {was worth a try.} gxf5 41. h4) 40... Bc3 (40... fxe4 $142 {Threatens to win with ...Kf6.} 41. Bg4 Bc3) 41. Kf3 (41. exf5 {is the only way for White.} gxf5 42. Bd3) 41... Kf6 42. exf5 gxf5 43. Ke3 $2 (43. h5) 43... Bxb4 44. Kd4 Bc5+ 45. Kd3 Bf2 46. h5 Kg5 {[%emt 0:00:00] [#] White must now prevent ...Bb6.} 47. Bd1 Bg3 {[%emt 0:00:00] aiming for ...Be5.} 48. Ke3 Be5 49. Be2 Bg7 {[%emt 0:00:14] Strongly threatening ...Bf8.} 50. Bd1 Bh6 51. Be2 Bf8 52. Bd1 Bg7 53. Be2 Bh6 54. Bd1 b4 55. Kd4 Kf4 {[%emt 0:00:46] ...a5 is the strong threat.} 56. Kc4 Ke3 57. Kxb4 f4 58. Bg4 Ke4 59. Be2 Kxd5 60. Bxa6 Kd4 61. Kb3 d5 $2 (61... f3 62. Kc2 Ke3 63. Bc4 f2 64. Bb5 Bg7 65. Bf1 d5 66. Kd1 Kf3 67. Kd2 Kg3 68. Ke3 d4+ 69. Ke2 Bf6 70. h6 Be5 71. Kd3 Kh2 72. h7 Kg1 73. Ke4 Bg7 74. Bb5 f1=Q 75. Bd7 d3 76. Bc6 d2 77. Ba4 Qc4+ 78. Kf5 Qxa4 79. h8=Q Bxh8 80. Kg5 d1=Q 81. Kg6 Qdg4+ 82. Kh6 Qg7+ 83. Kh5 Qag4#) 62. Kc2 $1 $15 Ke3 {[%emt 0:00:53] ( -> ...f3)} 63. Kd1 $1 Kf2 (63... f3 $15 64. Kc2 d4) 64. Bc8 $2 {[%emt 0:00:32][%mdl 8192] [#]} (64. Bb7 $11) 64... f3 65. Bf5 Kg1 66. Bh3 Kf2 $2 (66... Bg7 {mates} 67. Ke1 f2+ 68. Ke2 d4 69. h6 Be5 70. h7 Bh8 71. Kd2 f1=Q 72. Bxf1 Kxf1 73. Kd1 Kg2 74. Ke2 Kg3 75. Kf1 Kf4 76. Ke2 Kg3 77. Kd1 Kf3 78. Kd2 Ke4 79. Ke2 d3+ 80. Kf2 Bc3 81. Kf1 Kf3 82. h8=Q Bxh8 83. Ke1 Ke3 84. Kd1 d2 85. Kc2 Ke2 86. Kb3 d1=Q+ 87. Kc4 Qd6 88. Kb3 Kd3 89. Ka4 Kc4 90. Ka5 Bc3+ 91. Ka4 Qb4#) 67. Bg4 $2 (67. Bf5 $11 Kg3 68. Bh7) 67... d4 {[%cal Bd5d4,Bd4d3][%mdl 32] Black mates.} 68. Bh3 Bg5 69. Bf5 Kg1 70. Bh3 d3 71. Bf1 {[%emt 0:00:00] Weighted Error Value: White=0.87/Black=0.20 (precise)} 0-1

[Event "34th Pula Open 2022"]
[Site "Pula"]
[Date "2022.06.24"]
[Round "8.6"]
[White "Cupic, Lovro"]
[Black "Bochnicka, Vladimir"]
[Result "1-0"]
[ECO "C58"]
[WhiteElo "2271"]
[BlackElo "2267"]
[Annotator "TA"]
[PlyCount "51"]
[EventDate "2022.06.18"]
[EventType "swiss"]
[EventCountry "CRO"]
[SourceTitle "playchess.com"]
[Source "ChessBase"]
[SourceQuality "1"]
[TimeControl "5400+30"]

1. e4 e5 2. Nf3 Nc6 3. Bc4 Nf6 4. Ng5 d5 5. exd5 Na5 6. Bb5+ c6 7. dxc6 bxc6 8. Bd3 $1 {[%emt 0:00:06][%cal Bb5d3,Bd3e4,Be4c6][%mdl 4] is more profitable than 8.Be2 at the moment.} Ng4 {[%emt 0:01:19] C58: Two Knights: 4 Ng5 d5 5 exd5 Na5 sidelines.} 9. Nh3 Bc5 10. Qf3 f5 {[%emt 0:35:34] The position is equal.} 11. b4 {[%emt 0:00:17] [#]} ({White should play} 11. Qd1 $11) 11... e4 $1 $15 12. Bxe4 {[%emt 0:01:36] [#]} Bd4 $1 {[%emt 0:02:45] White must now prevent ...Ne5.} 13. bxa5 {[%emt 0:24:25] [#]} (13. c3 $15 Ne5 14. Qg3 fxe4 15. O-O) 13... O-O $146 {[%emt 0:09:47][%mdl 8192] Black cannot hold the game after this.} (13... fxe4 $11 14. Qxe4+ Kf7 15. Qf3+ Nf6 16. Qb3+ (16. c3 $2 Re8+ 17. Kf1 Bxc3 $19) 16... Nd5) ({Predecessor:} 13... fxe4 14. Qxe4+ Kf7 15. Qf3+ Nf6 16. Qb3+ Nd5 17. Qf3+ Nf6 18. Qb3+ Nd5 19. Qf3+ Qf6 20. Qxf6+ Bxf6 {0-1 (41) Martinovic,S (2483)-Arenas Garrido,D (2333) Kemer 2009}) 14. Bxc6 $18 Be6 {[%emt 0:15:05] Against Qd5} 15. O-O (15. Bxa8 $142 Bxa1 16. Bb7) 15... Rc8 $2 (15... Ne5 16. Qe2 (16. Qh5 Bf7 $14) 16... Rc8) 16. c3 Qd6 {[%emt 0:04:22][%csl Gg4][%cal Rd6h2] [#]} 17. Nf4 $1 {[%emt 0:03:16] White is clearly winning.} Rxc6 (17... Bxf2+ 18. Rxf2) 18. cxd4 {[%emt 0:00:17] Ba3 is the strong threat.} Rfc8 19. Nc3 Bc4 20. d3 Bf7 21. h3 g5 22. hxg4 Rxc3 23. Ne2 Rc2 24. Bxg5 Bd5 25. Qg3 Qc6 26. Nf4 {[%emt 0:02:14] Weighted Error Value: White=0.24 (precise) /Black=0.67} 1-0

[Event "34th Pula Open 2022"]
[Site "Pula"]
[Date "2022.06.24"]
[Round "8.7"]
[White "Makovec, Bruno"]
[Black "Fercec, Nenad"]
[Result "1-0"]
[ECO "E16"]
[WhiteElo "2215"]
[BlackElo "2415"]
[Annotator "TA"]
[PlyCount "159"]
[EventDate "2022.06.18"]
[EventType "swiss"]
[EventCountry "CRO"]
[SourceTitle "playchess.com"]
[Source "ChessBase"]
[SourceQuality "1"]
[TimeControl "5400+30"]

1. d4 Nf6 2. c4 e6 3. Nf3 b6 4. g3 Bb7 5. Bg2 g6 6. Nc3 {[%emt 0:00:34] E16: Queen's Indian: 4 g3 Bb7 5 Bg2 Bb4+.} Bg7 {[%emt 0:00:36] The main line 6...Bg7 scores better than 6...Ne4.} 7. d5 exd5 8. cxd5 {[%emt 0:00:07] The position is equal.} O-O 9. O-O Re8 10. Nd4 c5 11. dxc6 dxc6 12. Bf4 Qc8 {[%emt 0:11:45] [#]} 13. Bxb8 $146 (13. Qd2 $11 {remains equal.}) ({Predecessor:} 13. Rc1 Rd8 14. Ncb5 Ne8 15. Bg5 Rd7 16. Bh3 a6 17. Bxd7 Qxd7 18. Nc3 Bxd4 19. e3 {0-1 (48) Cuenca Jimenez,J (2515)-Huerga Leache,M (2440) Linares 2019}) 13... Rxb8 $17 14. Qa4 c5 (14... b5 $5 15. Qc2 a6 $17) 15. Bxb7 (15. Nc6 $1 $15 Ra8 16. Rad1) 15... Rxb7 16. Nf3 Rbe7 17. Rad1 a6 18. e3 b5 19. Qc2 Qc6 {[%emt 0:02:07] Prevents Rd6.} 20. Qe2 h6 21. b3 b4 22. Nb1 Ne4 (22... a5 $15) 23. Nfd2 $11 Nc3 24. Nxc3 bxc3 (24... Bxc3 25. Nc4 $14) 25. Nc4 Re6 {[%emt 0:00:53] Prevents Rd6.} 26. Rd3 h5 27. h4 f5 28. Rfd1 R8e7 29. Rd5 Kh7 30. Qd3 $2 {[%emt 0:00:15][%mdl 8192] [#]} (30. Qc2 $11) 30... Bd4 $1 $19 31. Rd8 {[%emt 0:03:12] [#]} Qf3 (31... f4 $1 $19 32. gxf4 (32. exd4 $2 Re1+ 33. Qf1 Rxf1+ 34. Rxf1 cxd4 $19) 32... Qf3 $1) 32. Qf1 $2 {[%emt 0:00:44][%mdl 8192] [#]} ({Only move:} 32. Re1 $1 $15) 32... f4 $1 33. gxf4 (33. exd4 Qxd1 $3 34. Qxd1 Re1+ 35. Qxe1 Rxe1+ 36. Kh2 c2 37. Rd7+ Kg8 38. Rd8+ Kg7 39. Rd7+ Kf8) (33. Rf8 Rf6) 33... Qg4+ 34. Kh2 Qxh4+ 35. Kg2 Qg4+ 36. Kh2 {[%emt 0:00:50] [#]} Qf3 $2 37. Re1 $2 (37. exd4 c2 38. Rc1 Qxf4+ 39. Kh1 Qh4+ 40. Kg1 Qg5+ 41. Kh1 Re4 $19) (37. Ra1 $11 {and White has nothing to worry.}) 37... Qg4 $2 (37... Re4 $19 {[%cal Oe4f4] And now ...Rxf4! would win.} 38. Qg2 Rxf4 39. Qxf3 Rxf3) 38. Qh3 $1 $14 {[%emt 0:01:19] aiming for Qxg4. Really sharp!} Qxh3+ 39. Kxh3 Ra7 40. Rc1 Bg7 41. Rd5 a5 42. Ne5 a4 43. Rxc3 {[%emt 0:00:35] White is more active.} axb3 44. axb3 Ra2 (44... Bxe5 {is a better defense.} 45. fxe5 (45. Rxe5 Rxe5 46. fxe5 Rb7 $16) 45... Rb6 46. Rdxc5 Rab7) 45. Kg2 ({Not} 45. Rcxc5 Bxe5 46. Rxe5 Rxe5 47. Rxe5 (47. fxe5 Rxf2 48. Kg3 Rb2 $14) 47... Rxf2 $16) (45. Rd7 $18 {and the rest is easy.}) 45... g5 (45... Bxe5 $16 {was worth a try.} 46. fxe5 g5 47. Rcxc5 Kg6) 46. Rcxc5 {[%emt 0:01:09] Black must now prevent Nf3.} ({Weaker is} 46. Rdxc5 Bxe5 47. Rxe5 Rxe5 48. fxe5 Rb2 $16) 46... gxf4 47. exf4 {[%emt 0:00:10] Threatens to win with Rc7.} Rb2 $2 (47... Bxe5 48. Rxe5 (48. fxe5 Kg6 $16) 48... Rxe5 49. Rxe5 (49. fxe5 Kg6 $18) 49... h4) 48. Nc4 $2 (48. Rd7 $18 {and White stays clearly on top.}) 48... Rg6+ $16 49. Rg5 (49. Kf1 $18 Rb1+ 50. Ke2) 49... Rxb3 $14 50. Rxg6 Kxg6 {[%emt 0:00:03][%mdl 4096] Endgame KRB-KRN} 51. Rg5+ Kf6 ({Black should try} 51... Kh6 $14) 52. Rxh5 $18 Rb4 {[%emt 0:00:39] [#]} 53. Rc5 Kf7 54. Kf3 Bd4 55. Rc7+ Ke6 {[%emt 0:00:09] [#]} (55... Kg8 $142 56. Ne3 Bb6) 56. Ne3 $1 Rb2 $2 (56... Kd6) 57. Rc6+ (57. f5+ $142 Kd6 58. Rc4) 57... Kd7 (57... Kf7 $142 58. f5 Rb4 59. Rc7+ Kf8) 58. Rc4 Bb6 59. Rc2 $2 (59. f5 $18 {has better winning chances.}) 59... Rxc2 $16 60. Nxc2 {[%emt 0:00:01] KB-KN} Ke6 61. Ne3 Bd4 62. Ke4 Bb2 63. f5+ Kf7 64. Nd5 Ba1 65. Kf4 Bd4 66. f3 Bb2 67. Ke4 Ba1 68. Kf4 Bb2 69. Kg4 Bc1 70. Nc3 (70. Kh3 $16) 70... Bb2 (70... Ke7 $14 {should be considered.} 71. Nd5+ Kd6) 71. Ne4 {[%emt 0:00:07] White threatens Kg5 and mate.} Bc1 72. f4 {[%emt 0:02:35] Intending Kg5 and mate.} Be3 $2 (72... Ke7 $14 73. Kg5 Be3) 73. Kg5 $1 {[%emt 0:00:21] White mates.} Bc1 74. f6 Ke6 75. Nc5+ Kf7 76. Nd3 Ba3 77. Kf5 Bd6 78. Ne5+ Kf8 79. Ke6 Ba3 80. f5 {[%emt 0:00:57] White used his chance.  Weighted Error Value: White=0.58/Black=0.44} 1-0

[Event "34th Pula Open 2022"]
[Site "Pula"]
[Date "2022.06.24"]
[Round "8.8"]
[White "Rubil, Marko"]
[Black "Ghersinich, Enrico"]
[Result "1-0"]
[ECO "B78"]
[WhiteElo "2272"]
[BlackElo "2193"]
[Annotator "TA"]
[PlyCount "157"]
[EventDate "2022.06.18"]
[EventType "swiss"]
[EventCountry "CRO"]
[SourceTitle "playchess.com"]
[Source "ChessBase"]
[SourceQuality "1"]
[TimeControl "5400+30"]

1. e4 c5 2. Nf3 d6 3. d4 cxd4 4. Nxd4 Nf6 5. Nc3 g6 6. Be3 Bg7 7. f3 O-O 8. Qd2 Nc6 9. Bc4 Bd7 10. O-O-O Rc8 11. Bb3 Nxd4 {[%emt 0:03:50] is now more promising than 11...Ne5.} 12. Bxd4 b5 13. Nd5 Nxd5 $1 {[%emt 0:00:11] B78: Sicilian Dragon: Yugoslav Attack, 9 Bc4 Bd7 10 0-0-0 Rc8.} 14. Bxg7 Kxg7 15. exd5 a5 {[%emt 0:00:14] White is slightly better.} 16. a3 $1 b4 17. axb4 axb4 18. h4 (18. Qxb4 $14 Kg8 19. Rhe1) 18... Kg8 $11 19. h5 {[%emt 0:06:58] Black must now prevent Qh6.} Qa5 20. Qd4 Bf5 {[%emt 0:00:22][%cal Of5c2] And now ...Bxc2! would win.} 21. Kd2 Rc5 22. hxg6 Bxg6 23. Ke3 $40 {[%emt 0:00:10][%mdl 128] White has some attack.} Rfc8 24. Rd2 Qb5 25. g3 Qb6 26. g4 {[%emt 0:01:45] [#] Hoping for f4.} Qb5 $146 ({Predecessor:} 26... Qc7 27. f4 Bxc2 28. Bxc2 Rxc2 29. Qe4 e5 30. Qxh7+ Kf8 31. Qh6+ Ke7 32. Qg5+ Kd7 33. Qf5+ Ke7 {1-0 (45) Borosova,Z (2312)-Joo,J (2123) Banska Stiavnica 2017}) 27. Rc1 Qa6 (27... R5c7 $14) 28. Kf2 R8c7 29. f4 Rc4 30. Bxc4 $16 Rxc4 31. Qe3 Re4 32. Qf3 Qc4 33. Kg3 f5 34. gxf5 (34. g5 $142 $1) 34... Bxf5 35. Qf2 h5 (35... e5 $2 36. dxe6 Qxe6 37. Kg2 $16 (37. Qa7 Qh6 $11)) (35... Qa2 $142) 36. Rh1 $1 Bg4 37. Re1 Rxe1 38. Qxe1 {[%emt 0:00:00][%mdl 4096] Endgame KQR-KQB} Kf7 39. Qf2 Qe4 40. Kh2 {[%emt 0:00:35] Inhibits Qh1+.} Qc4 (40... b3 $142) 41. Rd4 $18 Qc5 42. Qd2 Bf5 43. Rxb4 {[%emt 0:00:59] Strongly threatening Rd4.} Bxc2 44. Rd4 Bf5 45. b4 Qb5 46. Qe1 {[%emt 0:01:21] Inhibits Qf1.} (46. Qd1 $1 $18 Kg6 47. Kg3) 46... Qa4 $2 (46... h4 $16 {was necessary.} 47. Qe3 (47. Qxh4 Qe2+ 48. Kg1 Qb2 $16) 47... Ke8) 47. Qc3 $1 Qa2+ 48. Rd2 Qb1 49. Rb2 $2 ({Not} 49. Rg2 Bg4 50. Rf2 Bf5 $18) (49. Re2 $18 {is more deadly. Threatening mate with Qe3.} Qd3 50. Qxd3 Bxd3 51. Re6) 49... Qf1 $2 (49... Qa1 $16) 50. Qe3 (50. Rg2 Bg4 51. f5 Qxf5 $16) 50... Bg4 51. b5 Bf3 52. Qe6+ Kf8 53. Kg3 $2 (53. Qf5+ $18 Kg7 54. Qb1) 53... Bg4 $11 54. Qh6+ Kf7 {[%emt 0:00:09] aiming for ...Qh3+.} 55. Qh7+ Ke8 56. Qh8+ Kd7 57. Qd4 Qh3+ (57... Qf3+ $1 $11 {keeps the balance.} 58. Kh2 Qh3+ 59. Kg1 Bf3) 58. Kf2 $16 h4 $2 {[%emt 0:00:04] [#]} (58... Qh2+ $2 59. Ke3 Qg1+ 60. Kd3 Qf1+ 61. Kc3 $18) (58... Qf3+ $16 59. Ke1 (59. Kg1 Qg3+ 60. Kf1 Bf5 $14) 59... Qh1+ 60. Kd2 Bf3) 59. Ke1 $2 ({White must play} 59. b6 $1 $18 Qg3+ 60. Kf1) 59... Qh1+ $11 60. Kd2 h3 {[%emt 0:01:53] Threatens to win with ...h2.} 61. b6 $1 {[%emt 0:00:49] b7 is the strong threat.} h2 62. Qa4+ Kd8 63. Qa8+ Bc8 {[%emt 0:00:57] ( -> ...Qg2+)} 64. b7 Qxd5+ 65. Kc3 {[%emt 0:00:01][%csl Ga8][%cal Rb7c8] The board is on fire.} Qf3+ 66. Kb4 Qxf4+ $2 (66... Qxb7+ $11 67. Qxb7 Bxb7 68. Rxh2 Kd7) 67. Ka3 (67. Ka5 $142 Qe5+ 68. Ka6 Qe6 69. bxc8=Q+ Qxc8+ 70. Qxc8+ Kxc8 71. Rxh2 Kd8 72. Kb6) 67... Qe3+ {[%emt 0:00:54] [#]} 68. Ka2 $1 Qe6+ 69. Rb3 {[%emt 0:00:15] White threatens Qa5+ and mate.} h1=Q 70. bxc8=Q+ Qxc8 71. Qxh1 {[%emt 0:00:17] White wants to mate with Kb2.} Qc2+ 72. Rb2 Qc4+ 73. Ka1 d5 (73... Qd4 $18 74. Qa8+ Kd7) 74. Qh8+ {[%emt 0:00:45] White mates.} Kd7 75. Rb7+ Ke6 76. Qh6+ Kf5 77. Qh5+ Kf6 78. Rb6+ Kg7 79. Qg6+ {[%emt 0:00:09] Weighted Error Value: White=0.30/Black=0.34} 1-0

[Event "34th Pula Open 2022"]
[Site "Pula"]
[Date "2022.06.24"]
[Round "8.9"]
[White "Boucquet, Emile"]
[Black "Seres, Bela"]
[Result "0-1"]
[ECO "C01"]
[WhiteElo "2252"]
[BlackElo "2164"]
[Annotator "TA"]
[PlyCount "82"]
[EventDate "2022.06.18"]
[EventType "swiss"]
[EventCountry "CRO"]
[SourceTitle "playchess.com"]
[Source "ChessBase"]
[SourceQuality "1"]
[TimeControl "5400+30"]

1. e4 e5 2. Nf3 Nf6 3. Nxe5 d6 4. Nf3 Nxe4 5. d3 Nf6 6. d4 d5 7. Bd3 Bd6 8. O-O O-O 9. h3 {[%emt 0:15:58] is recently more successful than 9.Bg5.} h6 10. Re1 Re8 {[%emt 0:00:49] C01: French: Exchange Variation.} 11. Ne5 c5 {[%emt 0:00:32][%cal Bc7c5,Bc5c4][%mdl 32] [#]} 12. Be3 $146 ({Predecessor:} 12. c3 Nc6 13. Nxc6 bxc6 14. Be3 c4 15. Bc2 Ne4 16. Nd2 Nxd2 17. Qxd2 Qf6 18. Bf4 Bd7 19. Bxd6 Qxd6 20. Rxe8+ Rxe8 {½-½ (37) Goltsev,D (2199)-Kovalenko,I (2674) Chess.com INT 2022}) 12... c4 {[%emt 0:05:25] Black is slightly better.} 13. Be2 Nc6 14. Nf3 {[%emt 0:03:36] [#]} (14. Ng4 $15) 14... Ne4 {[%emt 0:01:55] 0x0.00207c31056ddp-1022s more active pieces. The white rooks are badly placed.} (14... Rxe3 $1 $17 15. fxe3 Qe7) 15. Nfd2 $15 f5 {[%emt 0:04:36] Hoping for ...f4.} (15... Qh4 {feels hotter.} 16. Bf3 Ne7 17. Nc3 f5) 16. Nxe4 fxe4 17. Bg4 Bc7 18. Nc3 a6 (18... Rf8 {looks sharper.} 19. Bxc8 Rxc8 20. Qg4 Kh7) 19. Bxc8 Rxc8 20. Qh5 Ne7 21. Ne2 Rf8 $1 22. Qg4 Nf5 23. Bf4 Qf6 24. Bxc7 Rxc7 25. Nf4 Qd6 ({Much weaker is} 25... Nxd4 $6 26. Nxd5 Qxf2+ 27. Kh1 $11) ({Don't take} 25... Qxd4 26. Rad1 Qxb2 27. Ne6 $16 (27. Nxd5 Rcf7 $14)) 26. Rad1 g5 27. Nh5 Qg6 ({Better is} 27... c3 $17 28. b3 Rcf7) 28. c3 Rcf7 29. Re2 Kh7 30. Rf1 Ng7 (30... b5 $17) 31. Nxg7 $11 Kxg7 32. Re3 h5 33. Qg3 (33. Qe2 $15) 33... Rf4 $17 34. Re2 {[%emt 0:00:33] [#]} h4 $1 35. Qe3 (35. Qh2 $17 {keeps fighting.}) 35... g4 $19 {[%emt 0:00:45][%cal Of4f3] aiming for ...Rf3!} 36. hxg4 (36. Kh2 $142) 36... Qxg4 $2 (36... Rxg4 $19 {is more deadly.} 37. Qh3 Rf3) 37. Qd2 $2 {[%emt 0:02:47][%mdl 8192] Now White is beyond hope.} (37. Kh2 $17) 37... h3 {[%emt 0:01:25][%csl Gh3][%cal Rg4g2] Black mates.} 38. f3 Rxf3 39. Rxf3 Rxf3 40. Qe1 Rg3 41. Qf1 {[%emt 0:00:32] [#]} Rxg2+ {[%emt 0:02:21] Weighted Error Value: White=0.38/Black=0.23 (precise)} (41... Qxe2 $142 $3 42. Qxe2 Rxg2+ 43. Qxg2+ hxg2 44. Kf2 Kf6 45. Kxg2 a5 46. Kf2 a4 47. Kg3 Kf5 48. Kh3 Kf4 49. Kh2 e3 50. Kg2 Kg4 51. a3 Kf4 52. Kf1 Kf3 53. Ke1 e2 54. Kd2 Kf2 55. Kc1 e1=Q+ 56. Kc2 Qa1 57. Kd2 Qxb2+ 58. Kd1 Ke3 59. Ke1 Qe2#) 0-1